SKY
CLEVELAND INDIANS @ CINCINNATI REDS
10/06/2052
 
TOP OF THE 1ST
Cleveland Indians batting - Pitching for Cincinnati Reds : RHP Max Rea
Pitching: RHP Max Rea
Batting: RHB Cowboy Beyer 0-0: Ground out 6-3 (Groundball, 6, EV 87.5 MPH)
Batting: RHB Ben Schubert 0-0: Ground out 5-3 (Groundball, 5S, EV 73.8 MPH)
Batting: RHB Chia-Wei Ni 0-0: Ball
1-0: Ball
2-0: Foul Ball, location: 5F
2-1: Foul Ball, location: 9LMF
2-2: Strikes out swinging
Top of the 1st over - 0 runs, 0 hits, 0 errors, 0 left on base; Cleveland 0 - Cincinnati 0
BOTTOM OF THE 1ST
Cincinnati Reds batting - Pitching for Cleveland Indians : RHP Dusty Sloan
Pitching: RHP Dusty Sloan
Batting: LHB Lloyd Crosier 0-0: Fly out, F7 (Line Drive, 7LS, EV 89.4 MPH)
Batting: LHB Jude Queen 0-0: Called Strike
0-1: Ball
1-1: Ball
2-1: Swinging Strike
2-2: Strikes out swinging
Batting: SHB D.J. Boucher 0-0: Foul Ball, location: 7LSF
0-1: Ball
1-1: Foul Ball, location: 5F
1-2: Foul Ball, location: 2RF
1-2: Ball
2-2: Ball
3-2: Fly out, F9 (Flyball, 9S, EV 90.0 MPH)
Bottom of the 1st over - 0 runs, 0 hits, 0 errors, 0 left on base; Cleveland 0 - Cincinnati 0
TOP OF THE 2ND
Cleveland Indians batting - Pitching for Cincinnati Reds : RHP Max Rea
Batting: LHB Anibal Gaines 0-0: Called Strike
0-1: Called Strike
0-2: Ball
1-2: Ground out U3 (Groundball, 34, EV 81.3 MPH)
Batting: RHB Antony Olguin 0-0: Ball
1-0: Ball
2-0: Called Strike
2-1: Foul Ball, location: 2LF
2-2: Ball
3-2: SINGLE (Line Drive, 9S, EV 95.0 MPH)
Pitching: LHP Ryan McNeal
Batting: LHB Parker Mola 0-0: Swinging Strike
0-1: Ball
1-1: Swinging Strike
1-2: Ball
2-2: Foul Ball, location: 2F
2-2: Foul Ball, location: 2F
2-2: Grounds into double play, 4-6-3 (Groundball, 4, EV 88.8 MPH)
Top of the 2nd over - 0 runs, 1 hit, 0 errors, 0 left on base; Cleveland 0 - Cincinnati 0
BOTTOM OF THE 2ND
Cincinnati Reds batting - Pitching for Cleveland Indians : RHP Dusty Sloan
Batting: LHB Glen Kirkendall 0-0: Ball
1-0: Foul Ball, location: 7LSF
1-1: Swinging Strike
1-2: Foul Ball, location: 2RF
1-2: Foul Ball, location: 5F
1-2: Strikes out swinging
Batting: RHB Pierre Johnson 0-0: Called Strike
0-1: Ball
1-1: Ball
2-1: Ball
3-1: Fly out, F8 (Flyball, 8RD, EV 103.8 MPH)
Batting: LHB Mike Chappelle 0-0: Ball
1-0: Foul Ball, location: 5F
1-1: Foul Ball, location: 2F
1-2: Foul Ball, location: 2F
1-2: SINGLE (Groundball, 23, EV 63.1 MPH) (infield hit)
Batting: RHB Ethan Hicks 0-0: Foul Ball, location: 2F
0-1: Ball
1-1: Foul Ball, location: 2LF
1-2: Strikes out swinging
Bottom of the 2nd over - 0 runs, 1 hit, 0 errors, 1 left on base; Cleveland 0 - Cincinnati 0
TOP OF THE 3RD
Cleveland Indians batting - Pitching for Cincinnati Reds : LHP Ryan McNeal
Batting: RHB Erik Guzman 0-0: Ball
1-0: Foul Ball, location: 9LMFF
1-1: Called Strike
1-2: Strikes out swinging
Batting: SHB Steven Nealy 0-0: Called Strike
0-1: SOLO HOME RUN (Flyball, 78XD, EV 96.9 MPH), Distance : 387 ft
Batting: LHB Paquito Peña 0-0: Ground out 1-3 (Groundball, P, EV 74.4 MPH)
Batting: RHB Cowboy Beyer 0-0: Called Strike
0-1: Swinging Strike
0-2: Ball
1-2: SINGLE (Flyball, 89S, EV 99.4 MPH)
Batting: RHB Ben Schubert 0-0: Called Strike
0-1: Fielders Choice at 2nd, 5-4 (Groundball, 5L, EV 103.1 MPH)
Top of the 3rd over - 1 run, 2 hits, 0 errors, 1 left on base; Cleveland 1 - Cincinnati 0
BOTTOM OF THE 3RD
Cincinnati Reds batting - Pitching for Cleveland Indians : RHP Dusty Sloan
Batting: RHB José Maria Andres 0-0: Fly out, F8 (Flyball, 8LM, EV 98.1 MPH)
Batting: RHB Junior Powell 0-0: Ball
1-0: Ball
2-0: Foul Ball, location: 9LDF
2-1: Ball
3-1: Called Strike
3-2: Strikes out swinging
Batting: LHB Lloyd Crosier 0-0: Foul Ball, location: 3SF
0-1: Ball
1-1: Ball
2-1: Fly out, F8 (Line Drive, 8LM, EV 89.4 MPH)
Bottom of the 3rd over - 0 runs, 0 hits, 0 errors, 0 left on base; Cleveland 1 - Cincinnati 0
TOP OF THE 4TH
Cleveland Indians batting - Pitching for Cincinnati Reds : LHP Ryan McNeal
Batting: RHB Chia-Wei Ni 0-0: Called Strike
0-1: Swinging Strike
0-2: Ball
1-2: Ball
2-2: Foul Ball, location: 3F
2-2: Ground out 5-3 (Groundball, 56S, EV 83.1 MPH)
Batting: LHB Anibal Gaines 0-0: Swinging Strike
0-1: Called Strike
0-2: Ball
1-2: Ball
2-2: Ball
3-2: Foul Ball, location: 5FF
3-2: Base on Balls
Batting: RHB Antony Olguin 0-0: Ball
1-0: Ball
2-0: Foul Ball, location: 9LSF
2-1: Foul Ball, location: 9LDF
2-2: Fly out, F8 (Flyball, 8LD, EV 90.0 MPH)
Batting: LHB Parker Mola 0-0: Ball
1-0: Ground out U3 (Groundball, 3L, EV 89.4 MPH)
Top of the 4th over - 0 runs, 0 hits, 0 errors, 1 left on base; Cleveland 1 - Cincinnati 0
BOTTOM OF THE 4TH
Cincinnati Reds batting - Pitching for Cleveland Indians : RHP Dusty Sloan
Batting: LHB Jude Queen 0-0: Called Strike
0-1: Swinging Strike
0-2: Foul Ball, location: 2F
0-2: DOUBLE (Flyball, 78XD, EV 113.1 MPH)
Batting: SHB D.J. Boucher 0-0: Called Strike
0-1: Ground out 5-3 (Groundball, 56, EV 88.1 MPH)
Batting: LHB Glen Kirkendall 0-0: Foul Ball, location: 3SF
0-1: Ball
1-1: Reached on error, E6 (Groundball, 6, EV 104.4 MPH)
Batting: RHB Pierre Johnson 0-0: Swinging Strike
0-1: Swinging Strike
0-2: Ball
1-2: Strikes out looking
Batting: LHB Mike Chappelle 0-0: SINGLE (Line Drive, 78S, EV 102.5 MPH)
Jude Queen to third
Glen Kirkendall to second
Batting: RHB Ethan Hicks 0-0: Ball
1-0: Ball
2-0: Ball
3-0: Called Strike
3-1: Called Strike
3-2: TRIPLE (Line Drive, 9D, EV 101.3 MPH)
Jude Queen scores
Glen Kirkendall scores
Mike Chappelle scores
Batting: RHB José Maria Andres 0-0: Ball
1-0: Foul Ball, location: 5SF
1-1: Ground out 5-3 (Groundball, 56, EV 78.8 MPH)
Bottom of the 4th over - 3 runs, 3 hits, 1 error, 1 left on base; Cleveland 1 - Cincinnati 3
TOP OF THE 5TH
Cleveland Indians batting - Pitching for Cincinnati Reds : LHP Ryan McNeal
Batting: RHB Erik Guzman 0-0: Ball
1-0: Foul Ball, location: 9LSF
1-1: Called Strike
1-2: Ground out 4-3 (Groundball, 4, EV 86.3 MPH)
Batting: SHB Steven Nealy 0-0: Fly out, F9 (Flyball, 9S, EV 88.1 MPH)
Batting: LHB Paquito Peña 0-0: Ball
1-0: Ball
2-0: Foul Ball, location: 7LSF
2-1: DOUBLE (Line Drive, 89XD, EV 102.5 MPH)
Batting: RHB Cowboy Beyer 0-0: Called Strike
0-1: Called Strike
0-2: Ball
1-2: Ball
2-2: Foul Ball, location: 3FF
2-2: Ball
3-2: Strikes out swinging
Top of the 5th over - 0 runs, 1 hit, 0 errors, 1 left on base; Cleveland 1 - Cincinnati 3
BOTTOM OF THE 5TH
Cincinnati Reds batting - Pitching for Cleveland Indians : RHP Dusty Sloan
Batting: RHB Junior Powell 0-0: Ball
1-0: Ball
2-0: Foul Ball, location: 5FF
2-1: Ball
3-1: Ground out U3 (Groundball, 34, EV 97.5 MPH)
Batting: LHB Lloyd Crosier 0-0: Ball
1-0: Ball
2-0: Called Strike
2-1: Ground out 4-3 (Groundball, 4, EV 104.4 MPH)
Batting: LHB Jude Queen 0-0: Ball
1-0: Ball
2-0: Foul Ball, location: 2F
2-1: Foul Ball, location: 2F
2-2: SINGLE (Line Drive, 4MD, EV 98.1 MPH)
Batting: SHB D.J. Boucher 0-0: Fly out, F9 (Flyball, 9D, EV 105.0 MPH)
Bottom of the 5th over - 0 runs, 1 hit, 0 errors, 1 left on base; Cleveland 1 - Cincinnati 3
TOP OF THE 6TH
Cleveland Indians batting - Pitching for Cincinnati Reds : LHP Ryan McNeal
Batting: RHB Ben Schubert 0-0: Ball
1-0: Foul Ball, location: 5FF
1-1: Ball
2-1: Ground out 5-3 (Groundball, 56, EV 84.4 MPH)
Batting: RHB Chia-Wei Ni 0-0: Called Strike
0-1: Ground out 5-3 (Groundball, 5, EV 80.0 MPH)
Batting: LHB Anibal Gaines 0-0: Ball
1-0: Swinging Strike
1-1: Called Strike
1-2: Ball
2-2: Strikes out swinging
Top of the 6th over - 0 runs, 0 hits, 0 errors, 0 left on base; Cleveland 1 - Cincinnati 3
BOTTOM OF THE 6TH
Cincinnati Reds batting - Pitching for Cleveland Indians : RHP Dusty Sloan
Batting: LHB Glen Kirkendall 0-0: Swinging Strike
0-1: Fly out, F5 (Popup, 25, EV 83.1 MPH)
Batting: RHB Pierre Johnson 0-0: Ball
1-0: Foul Ball, location: 2F
1-1: Ball
2-1: Swinging Strike
2-2: Ground out 5-3 (Groundball, 5, EV 107.5 MPH)
Batting: LHB Mike Chappelle 0-0: Ball
1-0: Called Strike
1-1: Foul Ball, location: 2F
1-2: Strikes out swinging
Bottom of the 6th over - 0 runs, 0 hits, 0 errors, 0 left on base; Cleveland 1 - Cincinnati 3
TOP OF THE 7TH
Cleveland Indians batting - Pitching for Cincinnati Reds : LHP Ryan McNeal
Batting: RHB Antony Olguin 0-0: Called Strike
0-1: Swinging Strike
0-2: Strikes out swinging
Pitching: RHP James Doll
Batting: LHB Parker Mola 0-0: Ball
1-0: Ball
2-0: Called Strike
2-1: Foul Ball, location: 2F
2-2: Ball
3-2: Ground out 3-1 (Groundball, 34, EV 109.4 MPH)
Batting: RHB Erik Guzman 0-0: Ball
1-0: Foul Ball, location: 2F
1-1: Ball
2-1: Foul Ball, location: 5F
2-2: Ground out 6-3 (Groundball, 6, EV 78.1 MPH)
Top of the 7th over - 0 runs, 0 hits, 0 errors, 0 left on base; Cleveland 1 - Cincinnati 3
BOTTOM OF THE 7TH
Cincinnati Reds batting - Pitching for Cleveland Indians : RHP Dusty Sloan
Pitching: LHP Ernest Martines
Batting: RHB Ethan Hicks 0-0: Ball
1-0: Called Strike
1-1: Ground out 5-3 (Groundball, 56, EV 83.8 MPH)
Batting: RHB José Maria Andres 0-0: Foul Ball, location: 3DF
0-1: Ball
1-1: Called Strike
1-2: Foul Ball, location: 25F
1-2: DOUBLE (Line Drive, 3D, EV 98.8 MPH)
Batting: RHB Junior Powell 0-0: Intentional Walk
Batting: LHB Lloyd Crosier 0-0: Ball
1-0: Fielders Choice at 2nd, 3-6 (Groundball, 34, EV 86.9 MPH)
José Maria Andres to third
Batting: LHB Jude Queen 0-0: Called Strike
0-1: Ball
1-1: SINGLE (Flyball, 89S, EV 98.8 MPH)
José Maria Andres scores
Lloyd Crosier to second
Runner from 2nd tries for 3rd, SAFE, throw by CF made to third
Batting: SHB D.J. Boucher 0-0: Foul Ball, location: 2F
0-1: Ball
1-1: Ball
2-1: Called Strike
2-2: Fly out, F3 (Popup, 34, EV 73.8 MPH)
Bottom of the 7th over - 1 run, 2 hits, 0 errors, 2 left on base; Cleveland 1 - Cincinnati 4
TOP OF THE 8TH
Cleveland Indians batting - Pitching for Cincinnati Reds : RHP James Doll
Batting: SHB Steven Nealy 0-0: Foul Ball, location: 25FF
0-1: Ball
1-1: Ground out 4-3 (Groundball, 34D, EV 98.8 MPH)
Batting: LHB Paquito Peña 0-0: Ball
1-0: Ball
2-0: Ground out 4-3 (Groundball, 4S, EV 81.3 MPH)
Batting: RHB Cowboy Beyer 0-0: Fly out, F8 (Flyball, 8LXD, EV 88.1 MPH)
Top of the 8th over - 0 runs, 0 hits, 0 errors, 0 left on base; Cleveland 1 - Cincinnati 4
BOTTOM OF THE 8TH
Cincinnati Reds batting - Pitching for Cleveland Indians : LHP Ernest Martines
Batting: LHB Glen Kirkendall 0-0: Fly out, F8 (Flyball, 8LD, EV 101.9 MPH)
Batting: RHB Pierre Johnson 0-0: Ball
1-0: Called Strike
1-1: Foul Ball, location: 3SF
1-2: Foul Ball, location: 5SF
1-2: Strikes out looking
Batting: LHB Mike Chappelle 0-0: Called Strike
0-1: Foul Ball, location: 9LMF
0-2: Foul Ball, location: 2F
0-2: Foul Ball, location: 7LMF
0-2: Foul Ball, location: 2LF
0-2: Ball
1-2: Ball
2-2: Ground out 6-3 (Groundball, 6, EV 90.0 MPH)
Bottom of the 8th over - 0 runs, 0 hits, 0 errors, 0 left on base; Cleveland 1 - Cincinnati 4
TOP OF THE 9TH
Cleveland Indians batting - Pitching for Cincinnati Reds : RHP James Doll
Pitching: RHP Andrés Velasco
Batting: RHB Ben Schubert 0-0: Foul Ball, location: 2F
0-1: Ground out 5-3 (Groundball, 5L, EV 81.9 MPH)
Batting: RHB Chia-Wei Ni 0-0: Foul Ball, location: 2F
0-1: Ball
1-1: SINGLE (Line Drive, 89S, EV 105.6 MPH)
Batting: LHB Anibal Gaines 0-0: Foul Ball, location: 5FF
0-1: Foul Ball, location: 2F
0-2: Strikes out swinging
Batting: RHB Antony Olguin 0-0: Called Strike
0-1: Called Strike
0-2: Fly out, F8 (Flyball, 89M, EV 86.3 MPH)
Top of the 9th over - 0 runs, 1 hit, 0 errors, 1 left on base; Cleveland 1 - Cincinnati 4
Friday, May 10th , 2024 - OOTP Baseball 24.11 Build 85